 Dungeon Crawl Stone Soup version 0.22.1-1-ga44c0e56f4 (webtiles) character file.

3121 Gunterle the Covert (level 9, -3/43 HPs)
             Began as a Felid Transmuter on Oct 28, 2018.
             Was an Elder of Elyvilon.
             Killed from afar by an electric eel (14 damage)
             ... with a bolt of electricity
             ... on level 12 of the Dungeon.
             The game lasted 01:28:13 (15370 turns).

Gunterle the Covert (Felid Transmuter)             Turns: 15370, Time: 01:28:14

Health: -3/43      AC:  2    Str: 11    XL:     9   Next: 60%
Magic:  21/21      EV: 26    Int: 18    God:    Elyvilon [****..]
Gold:   313        SH:  0    Dex: 17    Spells: 12/22 levels left
                                        Lives:  0   Deaths: 2

rFire    . . .     SeeInvis +     - Unarmed
rCold    . . .     Gourm    +   (shield unavailable)
rNeg     . . .     Faith    .   (armour unavailable)
rPois    .         Spirit   .   (helmet unavailable)
rElec    .         Reflect  .   (cloak unavailable)
rCorr    .         Harm     .   (gloves unavailable)
MR       +....                  (boots unavailable)
Stlth    +++++.....             l - amulet of the gourmand
HPRegen  0.14/turn              o - +5 ring of strength
MPRegen  0.17/turn              (no ring)

@: quick
A: very small, no armour, no weapons or thrown items, stealth, claws 1, fangs 3,
see invisible, carnivore, speed 1, shaggy fur 2, slow metabolism 1, sharp paws
a: Lesser Healing, Heal Other, Purification, Greater Healing, Divine Protection,
Renounce Religion


You were on level 12 of the Dungeon.
You worshipped Elyvilon.
Elyvilon was greatly pleased with you.
You were not hungry.

You visited 2 branches of the dungeon, and saw 13 of its levels.
You also visited: Bailey and Ice Cave.

You collected 664 gold pieces.
You spent 351 gold pieces at shops.

Inventory:

Missiles
 a - 129 arrows
Jewellery
 l - an amulet of the gourmand (around neck)
 o - a +5 ring of strength (left paw)
 v - an uncursed ring of fire
Wands
 q - a wand of polymorph (15)
 u - a wand of iceblast (4)
 w - a wand of paralysis (13)
Scrolls
 b - 3 scrolls of teleportation
 g - 2 scrolls of enchant armour
 j - 4 scrolls of fog
 k - a scroll of magic mapping
 m - 3 scrolls of remove curse
 n - a scroll of vulnerability
 p - 2 scrolls of fear
 x - a scroll of identify
 y - a scroll of blinking
 D - a scroll of amnesia
Potions
 d - 4 potions of degeneration
 e - 2 potions of heal wounds
 f - 3 potions of curing
 h - a potion of cancellation
 i - 2 potions of haste
 r - 3 potions of lignification
 s - a potion of magic
 t - a potion of flight
 A - a potion of berserk rage
 B - a potion of brilliance {unknown}
 C - a potion of agility
Comestibles
 c - 14 rations


   Skills:
 + Level 7.6 Fighting
 + Level 10.1 Dodging
 + Level 10.9 Stealth
 + Level 8.3 Unarmed Combat
 + Level 7.3 Spellcasting
 + Level 6.4 Transmutations
 + Level 2.9 Ice Magic
 - Level 3.3 Poison Magic


You had 12 spell levels left.
You knew the following spells:

 Your Spells              Type           Power        Failure   Level  Hunger
a - Beastly Appendage     Tmut           ####..       1%          1    None
b - Sticks to Snakes      Tmut           ####....     1%          2    None
c - Spider Form           Tmut/Pois      ###.......   4%          3    #......
d - Ice Form              Ice/Tmut       ###.....     16%         4    ###....

Your spell library contained the following spells:

 Spells                   Type           Power        Failure   Level  Hunger
 Blade Hands              Tmut           ####......   21%         5    #####..


Dungeon Overview and Level Annotations

Branches:
Dungeon (12/15)            Temple (1/1) D:4            Lair (0/6) D:11
    Orc: D:9-12

Altars:
Ashenzari
Cheibriados
Dithmenos
Elyvilon
Fedhas
Gozag
Hepliaklqana
Kikubaaqudgha
Makhleb
Nemelex Xobeh
Okawaru
Qazlal
Ru
Sif Muna
Trog
Uskayaw
Vehumet
Wu Jian
Xom
Yredelemnul
Zin
The Shining One

Shops:
D:4 !   D:9 %=%   D:11 *

Annotations:
D:7 1 runed door, Leero's ghost, novice NaTm
D:9 3 runed doors, VeryBadPlayer's ghost, novice MiFi


Innate Abilities, Weirdness & Mutations

You cannot wear armour.
You are incapable of wielding weapons or throwing items.
Your paws allow you to move quietly. (Stealth)
You have sharp claws.
You have razor-sharp teeth.
You have supernaturally acute eyesight. (SInv)
You are carnivorous and can eat meat at any time.
You cover ground quickly.
You are covered in thick fur. (AC +2)
You have a slow metabolism.
Your sharp claws are effective at attacking unaware monsters.


Message History

The electric eel shoots out a bolt of lightning at you!
The bolt of electricity hits your adder.
Your adder dies!
The bolt of electricity misses you. The basilisk misses you.
Your ball python bites the basilisk.
Your ball python constricts the basilisk.
The basilisk gazes at your ball python.
Your ball python is moving more slowly.
The electric eel shoots out a bolt of lightning at you!
The bolt of electricity hits you!
* * * LOW HITPOINT WARNING * * *
Your ball python barely misses the basilisk.
Your ball python constricts the basilisk.
The basilisk gazes at your ball python.
Your ball python stops moving altogether!
Your ball python constricts the basilisk.
Your ball python constricts the basilisk.
The electric eel shoots out a bolt of lightning at you!
The bolt of electricity hits you!
You die...

# +# .#
###########.###.##
..................
..............#.#.
.............$....
..................
##########........
#@.......
#l.....≈.
#.S..≈≈≈≈
+...;≈≈≈≈
+≈≈≈≈≈≈≈≈
+s..≈≈≈≈≈
#.....≈≈.
#........


You could see a basilisk, a scorpion, an electric eel and a friendly ball python
(petrified).

Vanquished Creatures
  Erica (D:8)
  2 two-headed ogres
  3 ugly things
  Maurice (D:8)
  Psyche (D:8)
  Grinder (D:4)
  3 hippogriffs
  A wraith (D:11)
  A spriggan (D:7)
  11 yaks
  Grum (D:8)
  A hungry ghost (D:11)
  Edmund (D:4)
  A water moccasin (D:9)
  4 ice beasts
  4 phantoms
  4 black bears
  4 sky beasts
  4 necrophages
  4 orc warriors
  An ogre (D:10)
  2 wolves (D:8)
  4 centaurs
  7 bullfrogs
  A big kobold (D:9)
  6 scorpions
  8 killer bees
  A howler monkey (D:5)
  2 bullfrog zombies
  5 crimson imps
  A quasit (D:11)
  2 jellies (D:8)
  2 centaur zombies
  4 hounds
  2 bullfrog skeletons
  5 orc priests
  4 iguanas
  5 orc wizards
  7 worker ants
  2 hound skeletons (D:6)
  A worker ant zombie (D:9)
  Robin (D:4)
  3 adders
  2 river rats (D:5)
  2 adder zombies
  An adder skeleton (D:4)
  5 dart slugs
  2 leopard geckos
  39 orcs
  10 bats
  2 giant cockroaches
  19 goblins
  8 hobgoblins
  14 jackals
  9 kobolds
  2 quokkas
  A ball python (D:4)
  5 frilled lizards
  A jackal skeleton (D:9)
  A quokka skeleton (D:6)
  7 rats
259 creatures vanquished.

Vanquished Creatures (collateral kills)
  An orc knight (Bailey)
  An orc warrior (Bailey)
  A sky beast (D:8)
  A necrophage (D:7)
  2 hounds
  An orc wizard (D:8)
  A bullfrog skeleton (D:5)
  Terence (D:3)
  2 worker ants
  A hound skeleton (D:8)
  A gnoll (Bailey)
  An adder (D:5)
  A worm (D:2)
  A dart slug (D:1)
  A ball python (D:3)
  A giant cockroach (D:7)
  2 goblins
  4 kobolds (Bailey)
  A frilled lizard (D:1)
25 creatures vanquished.

Vanquished Creatures (others)
  2 orc warriors (Bailey)
  A hobgoblin (Bailey)
  2 kobolds (Bailey)
  4 plants (D:5)
9 creatures vanquished.

Grand Total: 293 creatures vanquished

Notes
Turn   | Place    | Note
-------+----------+-------------------------------------------
     0 | D:1      | Gunterle the Felid Transmuter began the quest for the Orb.
     0 | D:1      | Reached XP level 1. HP: 9/9 MP: 4/4
   103 | D:1      | Reached XP level 2. HP: 10/12 MP: 4/6
   110 | D:1      | Learned a level 2 spell: Sticks to Snakes
   166 | D:1      | Reached skill level 1 in Stealth
   598 | D:1      | Reached XP level 3. HP: 15/15 MP: 5/7
   603 | D:1      | Learned a level 3 spell: Spider Form
   878 | D:2      | Found a sparkling altar of Nemelex Xobeh.
  1025 | D:2      | Noticed a dagger
  1025 | D:2      | Noticed a dagger
  1027 | D:2      | Found a hide-covered altar of Uskayaw.
  1451 | D:3      | Noticed Terence
  1859 | D:3      | Killed Terence
  1859 | D:3      | Reached XP level 4. HP: 12/19 MP: 1/8
  1935 | D:3      | Found a bloodstained altar of Trog.
  2980 | D:4      | Noticed Robin
  3398 | D:4      | Noticed Edmund
  3424 | D:4      | Killed Edmund
  3424 | D:4      | Reached XP level 5. HP: 18/22 MP: 0/10
  3509 | D:4      | Noticed Grinder
  3585 | D:4      | Found Gifoch's Distillery.
  3593 | D:4      | Bought a potion of heal wounds for 65 gold pieces
  3622 | D:4      | Found a staircase to the Ecumenical Temple.
  3645 | D:4      | Noticed a phantom
  3648 | Temple   | Entered the Ecumenical Temple
  3884 | Temple   | Became a worshipper of Elyvilon the Healer
  3935 | D:4      | Killed a phantom
  3935 | D:4      | Gained mutation: You are covered in thick fur. (AC +2)
                  | [Felid growth]
  3935 | D:4      | Reached XP level 6. HP: 13/27 MP: 8/11
  3941 | D:4      | Learned a level 4 spell: Ice Form
  4273 | D:4      | Paralysed by Grinder for 6 turns
  4365 | D:4      | Killed Grinder
  4365 | D:4      | Reached XP level 7. HP: 28/30 MP: 4/13
  4376 | D:4      | Found a snail-covered altar of Cheibriados.
  4420 | D:4      | Killed Robin
  4471 | D:4      | Found a stormy altar of Qazlal.
  4473 | D:4      | Found a deep blue altar of Sif Muna.
  4498 | D:4      | Found an iron altar of Okawaru.
  4666 | D:5      | Entered Level 5 of the Dungeon
  4916 | D:5      | Found a hazy altar of Hepliaklqana.
  4920 | D:5      | Found a bloodstained altar of Trog.
  5073 | D:5      | Reached skill level 5 in Dodging
  5078 | D:5      | Reached * piety under Elyvilon
  5233 | D:5      | Found a sacrificial altar of Ru.
  5373 | D:5      | Reached skill level 5 in Stealth
  5382 | D:5      | Found a glowing drain.
  5840 | D:6      | Reached XP level 8. HP: 21/35 MP: 11/15
  6134 | D:6      | Reached skill level 5 in Unarmed Combat
  6268 | D:6      | Reached skill level 5 in Transmutations
  6631 | D:6      | Found a burning altar of Makhleb.
  6750 | D:7      | Noticed a hippogriff
  6751 | D:7      | Found a flagged portal.
  6760 | Bailey   | Entered a bailey
  6766 | Bailey   | Noticed an orc knight
  6915 | Bailey   | Noticed an orc knight
  7017 | Bailey   | Killed an orc knight
  7596 | D:7      | Killed a hippogriff
  7643 | D:7      | HP: 1/36 [poisoned by an adder]
  7966 | D:7      | Reached XP level 9. HP: 39/39 MP: 9/17
  8152 | D:7      | Reached skill level 5 in Spellcasting
  8259 | D:7      | Reached ** piety under Elyvilon
  8345 | D:7      | Found a shattered altar of Ashenzari.
  8539 | D:7      | Reached skill level 5 in Fighting
  8850 | D:7      | Found a runed door.
  8851 | D:7      | Noticed Leero's ghost (novice NaTm)
  9171 | D:4      | Bought a potion of lignification for 39 gold pieces
  9171 | D:4      | Bought a potion of cancellation for 104 gold pieces
  9171 | D:4      | Bought a potion of haste for 130 gold pieces
  9171 | D:4      | Bought a potion of degeneration for 13 gold pieces
 10039 | D:8      | Noticed Erica
 10379 | D:8      | Killed Erica
 10379 | D:8      | Reached skill level 1 in Poison Magic
 10379 | D:8      | Reached XP level 10. HP: 40/42 MP: 13/19
 10472 | D:8      | Noticed Psyche
 10486 | D:8      | Killed Psyche
 10518 | D:8      | Noticed Maurice
 10530 | D:8      | Noticed Grum
 10535 | D:8      | Killed Maurice
 10552 | D:8      | HP: 2/42 [wolf[Grum] (7)]
 10956 | D:8      | Killed Grum
 11276 | D:8      | Noticed a two-headed ogre
 11283 | D:8      | Killed a two-headed ogre
 11575 | D:8      | Found a glowing silver altar of Zin.
 11700 | D:9      | Found a runed gate.
 11700 | D:9      | Found a runed gate.
 11700 | D:9      | Found a runed gate.
 11700 | D:9      | Found an opulent altar of Gozag.
 11700 | D:9      | Noticed a deep troll
 11701 | D:9      | Noticed VeryBadPlayer's ghost (novice MiFi)
 11746 | D:9      | Found Ogaurch's Food Boutique.
 11895 | D:9      | Found Nesofoar's Jewellery Boutique.
 11930 | D:9      | Found Cibletra's Food Boutique.
 12201 | D:9      | Found Zaud's Food Shop.
 12364 | D:9      | Reached *** piety under Elyvilon
 12388 | D:9      | Noticed a two-headed ogre
 12402 | D:9      | Killed a two-headed ogre
 12425 | D:9      | Found a glowing golden altar of the Shining One.
 12523 | D:10     | Entered Level 10 of the Dungeon
 12993 | D:10     | Reached skill level 10 in Stealth
 13000 | D:10     | Reached XP level 11. HP: 45/49 MP: 22/22
 13083 | D:9      | Reached skill level 1 in Ice Magic
 13556 | D:10     | Noticed a brown ugly thing
 13682 | D:10     | Killed a brown ugly thing
 14080 | D:11     | Noticed a green ugly thing
 14086 | D:11     | Killed a green ugly thing
 14217 | D:11     | Reached **** piety under Elyvilon
 14255 | D:11     | Found a shimmering altar of Xom.
 14367 | D:11     | Noticed a green ugly thing
 14372 | D:11     | Killed a green ugly thing
 14377 | D:11     | Found Tadumelu's General Store.
 14561 | D:11     | Reached skill level 10 in Dodging
 14563 | D:11     | Noticed a two-headed ogre
 15076 | D:11     | Found a staircase to the Lair.
 15303 | D:12     | Found a frozen archway.
 15312 | IceCv    | Entered an ice cave
 15312 | IceCv    | Noticed a white ugly thing
 15313 | IceCv    | Found a transporter.
 15339 | D:12     | Mangled by a white ugly thing
 15340 | D:12     | Reached XP level 10. HP: -12/48 MP: 21/22
 15353 | D:12     | Slain by a hippogriff
 15354 | D:12     | Reached XP level 9. HP: -3/43 MP: 21/21
 15370 | D:12     | Killed from afar by an electric eel

Skill      XL: |  1  2  3  4  5  6  7  8  9 10 11 |
---------------+----------------------------------+-----
Stealth        | 1 2 3 4 5 6 8 10 | 10.9
Dodging        | 3 4 5 6 8 9 10 | 10.1
Transmutations | 3 4 5 6 |  6.4
Fighting       | 2 3 4 5 6 7 |  7.6
Spellcasting   | 3 4 5 6 7 |  7.3
Unarmed Combat | 4 5 6 7 8 |  8.3
Poison Magic   | 1 3 |  3.3
Ice Magic      | 2 |  2.9

Action                   |  1- 3 |  4- 6 |  7- 9 | 10-12 || total
-------------------------+-------+-------+-------+-------++-------
Melee: Unarmed           |    89 |   124 |   302 |   444 ||   959
       Bite              |     8 |     6 |     8 |     3 ||    25
       Headbutt          |     8 |     6 |    14 |       ||    28
       Punch             |     1 |       |     2 |       ||     3
 Cast: Beastly Appendage |    30 |    15 |    27 |    19 ||    91
       Sticks to Snakes  |    14 |     7 |    31 |    25 ||    77
       Spider Form       |       |     9 |    34 |    45 ||    88
       Ice Form          |       |       |     1 |     1 ||     2
Invok: Lesser Healing    |       |       |     3 |       ||     3
Evoke: Wand              |       |       |    18 |     2 ||    20
  Use: Scroll            |     2 |     2 |     6 |    11 ||    21
       Potion            |       |     1 |     4 |     2 ||     7
 Stab: Sleeping          |    14 |     4 |    13 |    15 ||    46
       Distracted        |       |       |       |     2 ||     2
  Eat: Chunk             |    10 |     7 |    16 |    17 ||    50
Armor: Skin              |     5 |     7 |    18 |    15 ||    45
Dodge: Dodged            |    73 |    97 |   374 |   480 ||  1024
